 Dungeon Crawl Stone Soup version 0.19-a0-1238-gee6bd96 (webtiles) character file.

135 MTVSty1e the Ducker (level 4, -2/35 HPs)
             Began as a Demonspawn Gladiator on Aug 26, 2016.
             Slain by a gnoll
             ... wielding a +0 spear
              (5 damage)
             ... on level 3 of the Dungeon.
             The game lasted 00:07:25 (3331 turns).

MTVSty1e the Ducker (Demonspawn Gladiator)          Turns: 3331, Time: 00:07:25

Health: -2/35      AC: 11    Str: 16    XL:     4   Next: 96%
Magic:  4/4        EV:  2    Int: 10    God:
Gold:   98         SH:  7    Dex: 13    Spells: 0 memorised, 3 levels left

rFire  . . .     SeeInvis .     a - +0 war axe
rCold  . . .     Gourm    .     e - +0 plate armour
rNeg   . . .     Faith    .     i - +0 shield
rPois  .         Spirit   .     (helmet restricted)
rElec  .         Dismiss  .     (no cloak)
rCorr  .         Reflect  .     m - +0 pair of gloves
MR     .....     Harm     .     (no boots)
Stlth  ..........               h - amulet of magic regeneration
                                (no ring)
                                (no ring)

@: no status effects
A: antennae 1
a: no special abilities


You were on level 3 of the Dungeon.
You were not hungry.

You visited 1 branch of the dungeon, and saw 3 of its levels.

You collected 98 gold pieces.

Inventory:

Hand Weapons
 a - a +0 war axe (weapon)
Missiles
 d - 3 throwing nets (quivered)
Armour
 c - a +0 helmet
 e - a +0 plate armour (worn)
 i - a +0 shield (worn)
 m - a +0 pair of gloves (worn)
Jewellery
 h - an amulet of magic regeneration (around neck)
 j - a cursed -2 ring of protection {unknown}
Scrolls
 g - a scroll of noise {unknown}
 k - 3 scrolls of teleportation {unknown}
 n - 4 scrolls of identify {unknown}
 o - a scroll of remove curse {unknown}
 p - a scroll of enchant armour {unknown}
Comestibles
 f - 3 bread rations


   Skills:
 * Level 3.2 Fighting
 + Level 3.3 Axes
 - Level 1.7 Throwing
 + Level 2.0 Armour
 + Level 3.3 Dodging
 + Level 0.1 Shields


You had 3 spell levels left.
You didn't know any spells.

Dungeon Overview and Level Annotations

Branches:
Dungeon (3/15)

Altars:
Kikubaaqudgha


Innate Abilities, Weirdness & Mutations

You have a pair of small antennae on your head.


Message History

The gnoll hits you from afar with a spear!
You block the gnoll's attack. x2; The gnoll hits you but does no damage.
You closely miss the gnoll.
The gnoll is heavily wounded.
The gnoll hits you but does no damage. x2
You slash the gnoll!
You kill the gnoll!
The gnoll hits you but does no damage. You block the gnoll's attack.
You aren't carrying any potions.
You block the gnoll's attack. The gnoll hits you with a spear.
* * * LOW HITPOINT WARNING * * *
Things that are here:
a gnoll corpse; a giant gecko corpse Your shield and plate armour prevent you from hitting the gnoll.
The gnoll hits you but does no damage. You block the gnoll's attack.
The gnoll hits you from afar with a spear.
* * * LOW HITPOINT WARNING * * *
Unknown command.
You closely miss the gnoll. The gnoll hits you with a spear.
You die...

#.##.#.# #.###.#
#.##.#.# #[.....
### #.##.#.#
#####.. .[#
#.##.#># ### #.#
#......# #.#
####.### #.# #.#
#.#.###h######.#
......ghg@.....#
###.###g########
...# #####


You could see 3 gnolls and 2 jackals.

Vanquished Creatures
  A gnoll (D:3)
  8 adders
  An ooze (D:1)
  A worm (D:1)
  A dart slug (D:1)
  3 giant geckos
  3 goblins
  3 hobgoblins
  9 kobolds
  2 quokkas
  A ball python (D:2)
  9 bats
  2 giant newts
  6 rats
50 creatures vanquished.

Notes
Turn   | Place    | Note
-------+----------+-------------------------------------------
     0 | D:1      | MTVSty1e the Demonspawn Gladiator began the quest for the Orb.
     0 | D:1      | Reached XP level 1. HP: 16/16 MP: 1/1
   180 | D:1      | Gained mutation: You have a pair of small antennae on your head. [demonic ancestry]
   180 | D:1      | Reached XP level 2. HP: 19/22 MP: 2/2
   798 | D:2      | Reached skill level 1 in Armour
   856 | D:2      | Reached XP level 3. HP: 22/28 MP: 3/3
  1791 | D:2      | Reached XP level 4. HP: 32/35 MP: 4/4
  2677 | D:3      | Found an ancient bone altar of Kikubaaqudgha.
  3331 | D:3      | Slain by a gnoll

Vault maps used:
D:1:      minmay_arrival_open_corners, corexii_corridor_pit
D:2:      lemuel_upstairs_altar
D:3:      grunt_temple_overflow_diamond, first_bread

Skill      XL: |  1  2  3  4 |
---------------+-------------+-----
Armour         | 1 2 |  2.0
Axes           | 3 |  3.3
Dodging        | 3 |  3.3
Fighting       | 3 |  3.2
Throwing       | |  1.7
Shields        | |  0.1

Action                   |  1- 3 |  4- 6 || total
-------------------------+-------+-------++-------
Melee: War axe           |   142 |   110 ||   252
  Use: Potion            |     5 |       ||     5
  Eat: Meat ration       |     1 |     1 ||     2
       Beef jerky        |     1 |       ||     1
Armor: Plate armour      |   148 |    93 ||   241
       Leather armour    |     3 |       ||     3
Dodge: Dodged            |    43 |    17 ||    60
Block: Shield            |       |    45 ||    45
